Map: Deathaura LE

Players

NYK - Winner!

  • Race: Zerg Zerg
  • League: Grandmaster
  • Spawn Location: 11:00

Dolan

  • Race: Terran Terran
  • League: Master
  • Spawn Location: 5:00

Event: The Miserable Cup

VOD

https://youtu.be/AbEDomaO4Pc

Description

Time

  • Played on: June 19, 2020, 12:22 p.m.
  • Length: 15:24

All games in this series

Show
View Real Time Build Order
Export as new Build Order

NYK Zerg - Winner!

Build Orders: Hatch First, Muta Ling Bane 

Get SALT Encoding   

  12  0:00  Drone  
  13  0:14  Overlord  
  13  0:18  Drone  
  14  0:32  Drone x2  
  16  0:49  Hatchery  
  15  0:52  Drone  
  15  0:55  Drone  
  17  0:58  Drone  
  18  1:10  Extractor  
  17  1:14  Spawning Pool  
  17  1:16  Drone  
  17  1:20  Drone  
  18  1:29  Drone  
  19  1:40  Drone  
  20  1:51  Overlord  
  20  2:01  Queen x2  
  20  2:02  Zergling x4  
  26  2:12  Zergling x2  
  27  2:19  Hatchery  
  26  2:25  Drone x2  
  28  2:40  Overlord, Metabolic Boost  
  28  2:43  Queen  
  30  2:56  Overlord  
  30  2:58  Drone x3  
  33  3:11  Drone x4  
  37  3:15  Drone  
  37  3:16  Drone x2  
  40  3:24  Queen  
  42  3:28  Queen  
  42  3:31  Drone  
  42  3:33  Drone  
  46  3:39  Drone  
  46  3:40  Drone  
  48  3:41  Queen  
  50  3:50  Overlord  
  50  3:51  Drone x3  
  50  3:52  Drone  
  54  4:01  Overlord  
  54  4:06  Baneling Nest  
  54  4:09  Zergling x12  
  59  4:13  Overlord  
  59  4:18  Drone x3  
  61  4:38  Drone x11  
  64  4:40  Spore Crawler  
  64  4:41  Spore Crawler  
  60  4:47  Spore Crawler x2  
  60  4:50  Queen x2  
  62  4:58  Drone x5  
  67  5:00  Drone  
  67  5:01  Drone  
  67  5:03  Drone  
  70  5:10  Zergling x6, Extractor  
  70  5:11  Extractor  
  71  5:20  Drone x2  
  73  5:22  Overlord  
  73  5:24  Overlord x2  
  73  5:30  Lair  
  73  5:34  Overlord, Drone  
  74  5:40  Evolution Chamber  
  73  5:43  Drone x6  
  73  5:44  Evolution Chamber, Extractor  
  73  5:45  Extractor  
  76  5:55  Drone x10  
  76  6:13  Zergling x8  
  76  6:17  Evolution Chamber  
  74  6:19  Zergling x20  
  82  6:31  Spire  
  81  6:34  Drone x4  
  84  6:40  Drone  
  84  6:46  Drone  
  84  6:47  Drone x3  
  89  6:52  Drone  
  89  6:53  Drone x2  
  92  7:00  Extractor  
  91  7:04  Drone x3  
  94  7:13  Hatchery  
  89  7:20  Drone x11  
  90  7:32  Zergling x6  
  93  7:41  Overlord x4  
  91  7:50  Mutalisk x3  
  91  7:52  Mutalisk x2  
  94  8:06  Mutalisk  
  94  8:07  Mutalisk x4  
  94  8:09  Zerg Flyer Weapons Level 1  
  94  8:11  Zerg Ground Armor Level 1, Zerg Melee Weapons Level 1  
  104  8:18  Mutalisk x4  
  112  8:20  Overlord  
  112  8:28  Mutalisk  
  112  8:30  Overlord  
  112  8:31  Drone x2  
  112  8:34  Extractor  
  115  8:35  Extractor  
  115  8:36  Baneling x2  
  115  8:38  Centrifical Hooks  
  115  8:41  Zergling x8  
  117  8:44  Mutalisk  
  120  8:55  Mutalisk  
  122  8:59  Mutalisk  
  122  9:01  Drone  
  122  9:02  Drone x8  
  124  9:07  Mutalisk  
  124  9:09  Mutalisk  
  126  9:12  Drone x10  
  134  9:24  Drone x7  
  134  9:30  Mutalisk x2  
  145  9:33  Baneling x4  
  145  9:44  Mutalisk x2  
  149  9:46  Zergling x6, Infestation Pit  
  149  9:47  Overlord  
  149  9:48  Overlord x2  
  149  9:49  Overlord, Extractor  
  149  9:50  Hatchery  
  149  9:52  Extractor, Overseer  
  148  9:54  Mutalisk  
  150  10:01  Zergling x2  
  150  10:04  Overlord x2  
  151  10:09  Overlord x2  
  151  10:10  Baneling  
  151  10:11  Baneling x5, Mutalisk x3  
  157  10:23  Zergling x26  
  157  10:25  Zergling x2  
  171  10:36  Mutalisk  
  167  10:46  Mutalisk x2  
  169  10:52  Mutalisk x2  
  173  11:00  Hive  
  173  11:08  Mutalisk x2  
  177  11:12  Zergling x38  
  194  11:27  Hatchery, Zergling x2, Unknown  
  194  11:28  Zergling x16  
  194  11:30  Unknown  
  190  11:41  Zergling x12  
  190  11:46  Mutalisk x4  
  172  11:56  Mutalisk x2  
  173  12:05  Mutalisk x4  
  173  12:06  Mutalisk  
  177  12:09  Drone  
  148  12:27  Zergling x8  
  133  12:36  Mutalisk x2  
  122  12:46  Mutalisk x2  
  122  12:51  Mutalisk x2  
  119  12:59  Hatchery  
  66  13:30  Mutalisk x3  
  67  13:42  Mutalisk  
  68  13:56  Mutalisk  
  68  13:57  Hatchery  
  63  14:06  Drone  
  60  14:12  Drone x3  
  60  14:15  Drone  
  62  14:21  Drone  
  63  14:27  Drone  
  63  14:28  Drone x2  
  63  14:35  Drone  
  63  14:37  Spawning Pool  
  63  14:40  Drone x2  
  65  14:48  Drone x3  
  64  14:58  Drone x3  
Show
View Real Time Build Order
Export as new Build Order

Dolan Terran 

Build Orders: Hellion Opening, Reaper Expand, Mech 

Get SALT Encoding   

  12  0:00  SCV  
  13  0:12  SCV  
  14  0:18  Supply Depot  
  14  0:25  SCV  
  15  0:39  SCV  
  15  0:40  Barracks  
  16  0:43  Refinery  
  16  0:51  SCV  
  17  1:03  SCV  
  18  1:15  SCV  
  19  1:28  Reaper, Orbital Command  
  20  1:40  Command Center  
  20  1:48  Supply Depot  
  20  1:54  SCV  
  20  1:59  Marine  
  22  2:06  SCV  
  23  2:09  Factory  
  23  2:16  Refinery  
  23  2:18  SCV  
  23  2:20  Barracks Reactor  
  24  2:31  SCV  
  25  2:43  SCV  
  26  2:54  Starport  
  26  2:55  SCV  
  26  2:56  Orbital Command  
  27  3:02  Hellion x2  
  31  3:05  Marine  
  31  3:07  SCV  
  33  3:19  SCV  
  34  3:23  Hellion  
  34  3:24  Hellion  
  34  3:26  SCV  
  39  3:30  Supply Depot  
  39  3:31  SCV  
  39  3:32  Fusion Core  
  39  3:33  Starport Tech Lab  
  40  3:39  SCV  
  41  3:43  SCV  
  41  3:46  Hellion x2  
  46  3:53  SCV  
  46  3:54  Supply Depot  
  47  3:55  SCV  
  48  4:05  SCV  
  48  4:08  SCV  
  50  4:16  Command Center  
  50  4:20  SCV x2  
  52  4:32  Battlecruiser  
  51  4:43  SCV x2  
  49  4:46  Refinery  
  49  4:47  Refinery, Hellion x2  
  53  4:55  SCV x2  
  53  4:58  Supply Depot  
  55  5:03  Factory  
  55  5:04  Factory  
  55  5:08  Hellion x2  
  59  5:14  SCV x2  
  61  5:26  SCV x2  
  61  5:28  Orbital Command  
  63  5:34  Hellion x2  
  67  5:38  Battlecruiser  
  67  5:40  SCV x2  
  75  5:46  Weapon Refit  
  75  5:47  Supply Depot  
  75  5:52  SCV x2  
  77  6:07  SCV x2  
  77  6:08  SCV  
  77  6:09  Factory Tech Lab x2, Hellion x2  
  78  6:19  SCV x2  
  78  6:20  Orbital Command  
  80  6:29  Siege Tank  
  80  6:30  Siege Tank  
  80  6:31  SCV x2  
  88  6:35  Engineering Bay  
  88  6:38  Refinery  
  88  6:39  Supply Depot  
  88  6:41  Hellion x2  
  88  6:42  Refinery  
  92  6:53  SCV  
  93  6:57  Supply Depot  
  93  7:01  SCV x2, Battlecruiser  
  101  7:05  Supply Depot  
  101  7:07  Supply Depot  
  99  7:17  Siege Tank x2  
  99  7:22  Hellion x2  
  93  7:25  SCV  
  93  7:26  Armory x2, SCV x2  
  96  7:34  Supply Depot  
  96  7:35  Supply Depot  
  96  7:38  SCV x2  
  96  7:39  SCV  
  99  7:46  Factory  
  99  7:47  Factory  
  99  7:54  Infernal Pre-Igniter, Cyclone x2, Hellion x2  
  99  7:55  Mag-Field Accelerator  
  99  7:56  SCV x3  
  112  7:59  Supply Depot  
  112  8:02  Supply Depot  
  112  8:18  SCV x2  
  112  8:19  SCV  
  115  8:26  Cyclone x2, Sensor Tower, Hellion x2  
  125  8:27  Command Center  
  125  8:32  Factory Reactor  
  125  8:34  Terran Vehicle Weapons Level 1, Terran Vehicle And Ship Armor Level 1  
  125  8:35  SCV x3  
  125  8:40  Supply Depot  
  128  8:43  Starport Reactor  
  128  8:44  Cyclone  
  128  8:47  SCV x3, Hellion x2  
  138  8:50  Missile Turret  
  138  8:53  Missile Turret x2  
  138  8:57  Missile Turret  
  138  8:58  Missile Turret  
  136  9:05  SCV x3  
  151  9:15  Thor x2  
  153  9:18  Widow Mine x4  
  153  9:19  Missile Turret  
  153  9:23  Missile Turret  
  159  9:25  Viking  
  159  9:26  Viking  
  163  9:33  Supply Depot  
  163  9:35  Supply Depot  
  163  9:38  Thor  
  169  9:54  Hellion x4  
  177  10:00  Thor  
  183  10:14  Planetary Fortress  
  183  10:16  Siege Tank  
  183  10:17  Hellion  
  183  10:18  Hellion x2  
  183  10:20  Missile Turret  
  183  10:21  Refinery x2  
  192  10:22  Missile Turret x2  
  192  10:23  Sensor Tower  
  192  10:25  Missile Turret  
  192  10:27  Missile Turret  
  192  10:45  Thor  
  192  10:48  Viking  
  200  11:01  Command Center  
  200  11:03  Missile Turret  
  200  11:09  Missile Turret  
  200  11:10  Missile Turret  
  197  11:40  Hellion x3  
  182  11:49  Cyclone x2, Hellion  
  182  11:50  Hellion  
  182  11:56  Missile Turret  
  182  11:58  Missile Turret  
  182  12:00  Missile Turret  
  125  12:51  Barracks  
  121  13:21  Hellion x2  
Tags
 
Add a new tag
Caveats
  • Supply blocks, unpowered buildings, or Contaminate may cause inaccurate times.
  • Supply counts are checked every 10 seconds.